 Dungeon Crawl Stone Soup version 0.21.1-1-g345015f (webtiles) character file.

97 Kairos the Skirmisher (level 4, -1/35 HPs)
             Began as a Demonspawn Fighter on Apr 24, 2018.
             Was a Follower of Wu Jian.
             Slain by Grinder (5 damage)
             ... while paralysed by Grinder
             ... on level 3 of the Dungeon.
             The game lasted 00:03:06 (1447 turns).

Kairos the Skirmisher (Demonspawn Fighter)          Turns: 1447, Time: 00:03:07

Health: -1/35      AC:  6    Str: 17    XL:     4   Next: 42%
Magic:  4/4        EV:  2    Int:  9    God:    Wu Jian [*.....]
Gold:   125        SH:  0    Dex: 13    Spells: 3/3 levels left

rFire    + . .     SeeInvis .   a - +0 war axe
rCold    . . .     Gourm    .   c - +0 shield
rNeg     . . .     Faith    .   b - +0 scale mail
rPois    .         Spirit   .   (helmet restricted)
rElec    .         Reflect  .   (no cloak)
rCorr    .         Harm     .   (no gloves)
MR       .....                  (no boots)
Stlth    ..........             (no amulet)
HPRegen  0.11/turn              (no ring)
MPRegen  0.09/turn              (no ring)

@: paralysed
A: antennae 1, large bone plates 1, fire resistance 1
a: Renounce Religion


You were on level 3 of the Dungeon.
You worshipped Wu Jian.
Wu Jian was aware of your devotion.
You were very hungry.

You visited 1 branch of the dungeon, and saw 3 of its levels.

You collected 125 gold pieces.

Inventory:

Hand Weapons
 a - a +0 war axe (weapon)
Armour
 b - a +0 scale mail (worn)
 c - a +0 shield (worn)
Scrolls
 g - a scroll of teleportation {unknown}
 h - a scroll of enchant weapon {unknown}
 j - a scroll of blinking {unknown}
 k - a scroll of remove curse
 o - a scroll of magic mapping {unknown}
 p - a scroll of amnesia
Potions
 d - 2 potions of might
 e - a potion of invisibility {unknown}
 i - 3 potions of curing {unknown}
 l - 2 potions of cancellation {unknown}
 m - a potion of haste {unknown}
 n - 2 potions of degeneration {unknown}
 q - a potion of berserk rage {unknown}
Comestibles
 f - 3 rations


   Skills:
 + Level 3.5 Fighting
 + Level 2.6 Axes
 + Level 3.3 Armour
 + Level 0.2 Dodging
 + Level 3.3 Shields


You had 3 spell levels left.
You didn't know any spells.

Dungeon Overview and Level Annotations

Branches:
Dungeon (3/15)

Altars:
Kikubaaqudgha
Wu Jian
The Shining One

Annotations:
D:3 Grinder


Innate Abilities, Weirdness & Mutations

You have a pair of small antennae on your head.
You are partially covered in large bone plates. (SH +4)
Your flesh is heat resistant. (rF+)


Message History

You slash the adder! The adder closely misses you. The goblin hits you.
* * * LOW HITPOINT WARNING * * *
The adder bites you but does no damage. The goblin hits you but does no damage.
You spin and attack the adder.
You hit the adder.
You kill the adder!
The Council accepts your kill.
You spin and attack the goblin.
You closely miss the goblin.
The goblin is severely wounded.
You block the goblin's attack.
You barely miss the goblin.
The goblin is severely wounded.
You block the goblin's attack. Grinder gestures at you.
You barely resist. You closely miss Grinder. You hit the goblin.
You kill the goblin!
The Council accepts your kill. Grinder gestures at you.
You suddenly lose the ability to move!
Grinder hits you.
You die...

..... ##.....8.............
.....#######.#........#........
......?...........#........###.
.#.....?..........#............
....#>............#........#.#.
........................####.#.
............†................#.
......................#.......#
..............@†###............
....###......5..# #...#.......#
.... #.........# #...#...†...#
... #.....##### #...#.......#
.. #.....# #...#.......#
####### #####.......# #.......#
#.......# #########


You could see Grinder.

Vanquished Creatures
  A gnoll (D:1)
  5 adders
  9 bats
  3 giant cockroaches
  5 goblins
  3 hobgoblins
  4 jackals (D:2)
  3 kobolds
  3 frilled lizards
  6 rats
42 creatures vanquished.

Notes
Turn   | Place    | Note
-------+----------+-------------------------------------------
     0 | D:1      | Kairos the Demonspawn Fighter began the quest for the Orb.
     0 | D:1      | Reached XP level 1. HP: 18/18 MP: 1/1
   112 | D:1      | Gained mutation: You are partially covered in large bone plates. (SH +4) [demonic ancestry]
   112 | D:1      | Reached XP level 2. HP: 21/24 MP: 2/2
   162 | D:1      | Found a glowing golden altar of the Shining One.
   259 | D:1      | Gained mutation: Your flesh is heat resistant. (rF+) [demonic ancestry]
   259 | D:1      | Reached XP level 3. HP: 28/29 MP: 3/3
  1031 | D:2      | Gained mutation: You have a pair of small antennae on your head. [demonic ancestry]
  1031 | D:2      | Reached XP level 4. HP: 35/35 MP: 4/4
  1096 | D:2      | Found an ancient bone altar of Kikubaaqudgha.
  1372 | D:3      | Found a faded altar of an unknown god.
  1405 | D:3      | Became a worshipper of the Wu Jian Council
  1405 | D:3      | Reached * piety under Wu Jian
  1408 | D:3      | Noticed Grinder
  1408 | D:3      | Paralysed by Grinder for 5 turns
  1423 | D:3      | Paralysed by Grinder for 4 turns
  1447 | D:3      | Paralysed by Grinder for 4 turns
  1447 | D:3      | Slain by Grinder

Skill      XL: |  1  2  3 |
---------------+----------+-----
Armour         | 3 |  3.3
Shields        | 3 |  3.3
Axes           | 2 |  2.6
Fighting       | |  3.5
Dodging        | |  0.2

Action                   |  1- 3 |  4- 6 || total
-------------------------+-------+-------++-------
Melee: War axe           |    89 |    62 ||   151
Invok: Whirlwind         |       |    10 ||    10
       Lunge             |       |     2 ||     2
  Use: Scroll            |     2 |       ||     2
  Eat: Chunk             |       |     1 ||     1
Armor: Scale mail        |    47 |    26 ||    73
Dodge: Dodged            |    30 |    25 ||    55
Block: Shield            |    58 |    48 ||   106
